[Event "GER-ch Youth U12w 2019"]
[Site "Willingen"]
[Date "2019.06.12"]
[Round "5.8"]
[White "Adelmeyer, Nelly"]
[Black "Labuda, Annika"]
[Result "1-0"]
[ECO "D04"]
[WhiteElo "1420"]
[BlackElo "1251"]
[Annotator "NA"]
[PlyCount "91"]
[EventDate "2019.06.07"]
[EventType "swiss"]
[EventRounds "9"]
[EventCountry "GER"]
[SourceTitle "playchess.com"]
[Source "ChessBase"]
[SourceQuality "1"]
[TimeControl "40/4500+30:900+30"]

1. d4 d5 2. Nf3 Nf6 3. e3 c5 4. Bd3 Qc7 5. b3 Bg4 6. Nbd2 e6 7. Bb2 Bd6 8. h3 Bxf3 9. Nxf3 O-O 10. O-O Nbd7 11. c4 Rac8 12. Qc2 cxd4 13. exd4 b6 14. Rfe1 h6 15. Ne5 Bb4 16. Re3 dxc4 17. Qxc4 Nxe5 18. dxe5 Qxc4 19. Bxc4 Nd5 20. Bxd5 exd5 21. a3 Be7 22. Rc1 Rxc1+ 23. Bxc1 Bg5 24. Rc3 Bxc1 25. Rxc1 Re8 26. f4 Re7 27. Rc6 Rd7 28. Kf2 Kf8 29. Ke3 Ke7 30. Kd4 f6 31. exf6+ gxf6 32. f5 Kf7 33. g4 Kg7 34. h4 Kf7 35. b4 Kf8 36. Rxf6+ Kg8 37. Rg6+ Kh7 38. g5 hxg5 39. hxg5 b5 40. Re6 Kg8 41. Re5 Rc7 42. Kxd5 Kf7 43. Kd6 Rb7 44. Kc6 Rb6+ 45. Kc5 Rb7 46. Re6 {[%emt 0:00:37] normal} 1-0

[Event "GER-ch Youth U12w 2019"]
[Site "Willingen"]
[Date "2019.06.12"]
[Round "5.9"]
[White "Glowiak, Alexandra"]
[Black "Peglau, Dora"]
[Result "1-0"]
[ECO "B41"]
[WhiteElo "1439"]
[BlackElo "1336"]
[Annotator "NA"]
[PlyCount "61"]
[EventDate "2019.06.07"]
[EventType "swiss"]
[EventRounds "9"]
[EventCountry "GER"]
[SourceTitle "playchess.com"]
[Source "ChessBase"]
[SourceQuality "1"]
[TimeControl "40/4500+30:900+30"]

1. e4 c5 2. Nf3 e6 3. d4 cxd4 4. Nxd4 a6 5. c4 Nc6 6. a3 Nf6 7. Nc3 Be7 8. Be2 O-O 9. O-O Qc7 10. Be3 Rd8 11. f4 d6 12. Qc2 Bd7 13. f5 Nxd4 14. Bxd4 exf5 15. exf5 Be8 16. Na4 Bxa4 17. Qxa4 d5 18. Rac1 dxc4 19. Rxc4 Qd7 20. Qxd7 Rxd7 21. Re1 Nd5 22. Bg4 Bf6 23. Bxf6 Nxf6 24. Rec1 h6 25. Bf3 Rad8 26. Rc8 Rxc8 27. Rxc8+ Kh7 28. Rb8 b5 29. Rb6 Rd2 30. b4 {[%emt 0:01:49] normal} Nd5 31. Rd6 {normal} 1-0

[Event "GER-ch Youth U12w 2019"]
[Site "Willingen"]
[Date "2019.06.12"]
[Round "6.1"]
[White "Peglau, Charis"]
[Black "Zhou, Lepu Coco"]
[Result "1/2-1/2"]
[ECO "A58"]
[WhiteElo "1514"]
[BlackElo "1724"]
[Annotator "NA"]
[PlyCount "48"]
[EventDate "2019.06.07"]
[EventType "swiss"]
[EventRounds "9"]
[EventCountry "GER"]
[SourceTitle "playchess.com"]
[Source "ChessBase"]
[SourceQuality "1"]
[TimeControl "40/4500+30:900+30"]

1. d4 Nf6 2. c4 c5 3. d5 b5 4. cxb5 a6 5. bxa6 g6 6. Nc3 Bxa6 7. Bf4 d6 8. Nf3 Bg7 9. Qd2 O-O 10. e4 Bxf1 11. Kxf1 Re8 12. g3 Nbd7 13. Kg2 Nh5 14. Be3 Qa5 15. Qc2 Nb6 16. Nd2 Reb8 17. a3 Nf6 18. Rab1 Ng4 19. Bf4 Ne5 20. Bxe5 Bxe5 21. f4 Bg7 22. Rhc1 Qa6 23. Re1 Nc4 24. Nxc4 Qxc4 {[%emt 0:00:07] normal} 1/2-1/2

[Event "GER-ch Youth U12w 2019"]
[Site "Willingen"]
[Date "2019.06.12"]
[Round "6.2"]
[White "Sereda, Yaroslava"]
[Black "Braeutigam, Katerina"]
[Result "0-1"]
[ECO "B01"]
[WhiteElo "1626"]
[BlackElo "1697"]
[Annotator "NA"]
[PlyCount "86"]
[EventDate "2019.06.07"]
[EventType "swiss"]
[EventRounds "9"]
[EventCountry "GER"]
[SourceTitle "playchess.com"]
[Source "ChessBase"]
[SourceQuality "1"]
[TimeControl "40/4500+30:900+30"]

1. e4 d5 2. exd5 Qxd5 3. Nc3 Qa5 4. d4 c6 5. Nf3 Bf5 6. Ne5 Nf6 7. g4 Bg6 8. h4 Nbd7 9. Nc4 Qc7 10. h5 Be4 11. Nxe4 Nxe4 12. Qf3 Nd6 13. Bf4 Nf6 14. O-O-O O-O-O 15. g5 Nd5 16. Bh3+ e6 17. Bg3 Be7 18. g6 f5 19. Qe2 Qd7 20. Ne5 Qe8 21. Nf7 Nxf7 22. Qxe6+ Rd7 23. Bxf5 Nh6 24. Qxd7+ Qxd7 25. Bxd7+ Kxd7 26. Be5 Bf6 27. c4 Ne7 28. Bxf6 gxf6 29. gxh7 Rxh7 30. f3 Nhf5 31. b3 Ng7 32. Kc2 Nxh5 33. Kc3 Kd6 34. Rd2 Nf5 35. d5 Nfg3 36. dxc6+ Kxc6 37. Re1 Nf4 38. a3 Nf5 39. Re4 Rh4 40. b4 Ng3 41. Re7 Rh8 42. b5+ Kc5 43. Kb3 Nge2 {[%emt 0:06:46] normal} 0-1

[Event "GER-ch Youth U12w 2019"]
[Site "Willingen"]
[Date "2019.06.12"]
[Round "6.3"]
[White "Wilmink, Anna"]
[Black "Pohle, Saskia"]
[Result "0-1"]
[ECO "B23"]
[WhiteElo "1466"]
[BlackElo "1819"]
[Annotator "NA"]
[PlyCount "88"]
[EventDate "2019.06.07"]
[EventType "swiss"]
[EventRounds "9"]
[EventCountry "GER"]
[SourceTitle "playchess.com"]
[Source "ChessBase"]
[SourceQuality "1"]
[TimeControl "40/4500+30:900+30"]

1. e4 c5 2. Nc3 a6 3. g3 b5 4. Bg2 Bb7 5. d3 e6 6. Nf3 Be7 7. O-O d5 8. exd5 exd5 9. Re1 Nf6 10. Nh4 Qd7 11. Qe2 Nc6 12. Bg5 O-O 13. Bxf6 Bxf6 14. Nxd5 Bxb2 15. Rab1 Nd4 16. Qh5 Bxd5 17. Qxd5 Qxd5 18. Bxd5 Rad8 19. Bg2 Bc3 20. Re5 Nxc2 21. Rxc5 Nd4 22. Kf1 Ba5 23. Rd1 Rc8 24. Rd5 Nc2 25. Rd6 Nb4 26. a3 Nc2 27. Rxa6 Bc3 28. Bc6 Nd4 29. Bd7 Ra8 30. Rxa8 Rxa8 31. Rb1 Rxa3 32. Bxb5 g5 33. Bc4 gxh4 34. gxh4 Ra1 35. Rxa1 Bxa1 36. Kg2 Nf5 37. Kh3 Bd4 38. f3 h5 39. Kg2 Nxh4+ 40. Kg3 Ng6 41. f4 Kg7 42. f5 Be5+ 43. Kh3 Nf4+ 44. Kh4 f6 {[%emt 0:00:44] normal} 0-1

[Event "GER-ch Youth U12w 2019"]
[Site "Willingen"]
[Date "2019.06.12"]
[Round "6.4"]
[White "Fischer, Darja"]
[Black "Roncea, Andrea-Alexandra"]
[Result "1-0"]
[ECO "D53"]
[WhiteElo "1480"]
[BlackElo "1558"]
[Annotator "NA"]
[PlyCount "67"]
[EventDate "2019.06.07"]
[EventType "swiss"]
[EventRounds "9"]
[EventCountry "GER"]
[SourceTitle "playchess.com"]
[Source "ChessBase"]
[SourceQuality "1"]
[TimeControl "40/4500+30:900+30"]

1. d4 d5 2. c4 e6 3. Nc3 Nf6 4. Bg5 Be7 5. cxd5 exd5 6. e3 c6 7. Bd3 O-O 8. Qc2 h6 9. Bh4 Nbd7 10. h3 Nb6 11. O-O-O Nc4 12. g4 Nd7 13. Bxe7 Qxe7 14. h4 b5 15. g5 h5 16. Nh3 a5 17. Ne2 Bb7 18. Bh7+ Kh8 19. Nhf4 Nd6 20. Ng3 Rac8 21. Kb1 Qe8 22. Ngxh5 Ne4 23. Bxe4 dxe4 24. Ng3 c5 25. Qe2 c4 26. h5 b4 27. g6 Nf6 28. Rdg1 c3 29. Nf5 c2+ 30. Kc1 Qd7 31. Nxg7 Kg8 32. h6 b3 33. a3 Nd5 {[%emt 0:02:57] normal} 34. Ngh5 {[%emt 0:06:37] normal} 1-0

[Event "GER-ch Youth U12w 2019"]
[Site "Willingen"]
[Date "2019.06.12"]
[Round "6.5"]
[White "Keymer, Cecilia"]
[Black "Adelmeyer, Nelly"]
[Result "1/2-1/2"]
[ECO "D35"]
[WhiteElo "1511"]
[BlackElo "1420"]
[Annotator "NA"]
[PlyCount "80"]
[EventDate "2019.06.07"]
[EventType "swiss"]
[EventRounds "9"]
[EventCountry "GER"]
[SourceTitle "playchess.com"]
[Source "ChessBase"]
[SourceQuality "1"]
[TimeControl "40/4500+30:900+30"]

1. d4 d5 2. c4 e6 3. Nc3 Nf6 4. cxd5 exd5 5. Bg5 Be7 6. e3 O-O 7. Bd3 Be6 8. Qc2 h6 9. Bf4 Nbd7 10. Nf3 c6 11. h3 Bb4 12. g4 Bxc3+ 13. Qxc3 Ne4 14. Bxe4 dxe4 15. Nd2 Qe7 16. Nc4 Bxc4 17. Qxc4 Nb6 18. Qb3 Nd5 19. O-O-O Nb4 20. Kb1 Nd3 21. Rh2 a5 22. h4 a4 23. Qc3 a3 24. b3 Rfc8 25. g5 Qb4 26. Qxb4 Nxb4 27. gxh6 g6 28. h5 Kh7 29. hxg6+ fxg6 30. f3 Nd5 31. Rc1 exf3 32. Rf1 Nxf4 33. exf4 Rd8 34. Rd2 Kxh6 35. Rxf3 Rd5 36. Kc2 Rf8 37. Kc3 Kh5 38. Rf1 Kg4 39. Rg1+ Kf5 40. Rdg2 Rg8 {[%emt 0:01:53] normal} 1/2-1/2

[Event "GER-ch Youth U12w 2019"]
[Site "Willingen"]
[Date "2019.06.12"]
[Round "6.6"]
[White "Ramien, Hannah"]
[Black "Trunz, Michelle"]
[Result "0-1"]
[ECO "B23"]
[WhiteElo "1296"]
[BlackElo "1505"]
[Annotator "NA"]
[PlyCount "38"]
[EventDate "2019.06.07"]
[EventType "swiss"]
[EventRounds "9"]
[EventCountry "GER"]
[SourceTitle "playchess.com"]
[Source "ChessBase"]
[SourceQuality "1"]
[TimeControl "40/4500+30:900+30"]

1. e4 c5 2. Nc3 d6 3. f4 Nc6 4. Nf3 e6 5. Bb5 Nge7 6. Bxc6+ Nxc6 7. d3 g6 8. O-O Bg7 9. Kh1 Nd4 10. Ne2 Nxf3 11. Rxf3 O-O 12. Qe1 f5 13. Nc3 Re8 14. exf5 exf5 15. Re3 Bd7 16. Rxe8+ Qxe8 17. Qxe8+ Rxe8 18. Bd2 Bxc3 19. Bxc3 Re2 {[%emt 0:00:00] normal} 0-1

[Event "GER-ch Youth U12w 2019"]
[Site "Willingen"]
[Date "2019.06.12"]
[Round "6.7"]
[White "Petrosyan, Ani"]
[Black "Voigt, Anastasia"]
[Result "0-1"]
[ECO "A31"]
[WhiteElo "1378"]
[BlackElo "1447"]
[Annotator "NA"]
[PlyCount "134"]
[EventDate "2019.06.07"]
[EventType "swiss"]
[EventRounds "9"]
[EventCountry "GER"]
[SourceTitle "playchess.com"]
[Source "ChessBase"]
[SourceQuality "1"]
[TimeControl "40/4500+30:900+30"]

1. c4 c5 2. Nf3 Nf6 3. d4 cxd4 4. Nxd4 g6 5. Nc3 Bg7 6. e4 d6 7. Be3 Bd7 8. Be2 Nc6 9. O-O O-O 10. Rc1 Rc8 11. Qd2 a6 12. Rfd1 Ne5 13. b3 Nc6 14. h3 Ne8 15. Nd5 Nf6 16. Bf3 Nxd5 17. exd5 Ne5 18. Be2 f5 19. f4 Nf7 20. b4 Qe8 21. c5 dxc5 22. bxc5 Nd8 23. Qb4 e6 24. d6 e5 25. fxe5 Qxe5 26. Bc4+ Kh8 27. Nc2 Qg3 28. Bd5 f4 29. Bf2 Qg5 30. h4 Qg4 31. Bf3 Qe6 32. a3 Qe8 33. Bxb7 Rb8 34. Qa5 Nxb7 35. Qxa6 Bb5 36. Qb6 Qc6 37. Qxc6 Bxc6 38. Nb4 Na5 39. Nxc6 Nxc6 40. a4 Ra8 41. d7 Be5 42. Rb1 Rxa4 43. Rb6 Nd8 44. c6 Bc7 45. Rb5 Ra6 46. Rb2 Rxc6 47. Re2 Re6 48. Rc2 Rc6 49. Re2 Kg8 50. Bd4 Kf7 51. Bb2 Re6 52. Rf2 Bb6 53. Bd4 Re1+ 54. Rxe1 Bxd4 55. Re4 Bxf2+ 56. Kxf2 Ne6 57. g3 fxg3+ 58. Kxg3 Ke7 59. Re5 Kxd7 60. Rd5+ Ke7 61. Ra5 Kf7 62. Ra7+ Kg8 63. Re7 Ng7 64. Kg4 Nf5 65. Re5 Nd6 66. h5 Nf7 67. Rd5 g5 {[%emt 0:00:36] normal} 0-1

[Event "GER-ch Youth U12w 2019"]
[Site "Willingen"]
[Date "2019.06.12"]
[Round "6.8"]
[White "Prinzen, Siri Marleen"]
[Black "Glowiak, Alexandra"]
[Result "1-0"]
[ECO "C54"]
[WhiteElo "1505"]
[BlackElo "1439"]
[Annotator "NA"]
[PlyCount "38"]
[EventDate "2019.06.07"]
[EventType "swiss"]
[EventRounds "9"]
[EventCountry "GER"]
[SourceTitle "playchess.com"]
[Source "ChessBase"]
[SourceQuality "1"]
[TimeControl "40/4500+30:900+30"]

1. e4 e5 2. Nf3 Nc6 3. Bc4 Bc5 4. c3 Nf6 5. d3 O-O 6. O-O d5 7. exd5 Nxd5 8. Bg5 Qd6 9. Nbd2 f5 10. Nb3 f4 11. d4 exd4 12. Nbxd4 Nxd4 13. Nxd4 Bxd4 14. Qxd4 Be6 15. Bxd5 Bxd5 16. Rfe1 Qc6 17. Re7 Rf7 18. Rxf7 Bxf7 19. Bxf4 a6 {[%emt 0:05:26] normal} 1-0

[Event "GER-ch Youth U12w 2019"]
[Site "Willingen"]
[Date "2019.06.12"]
[Round "6.9"]
[White "Labuda, Annika"]
[Black "Ulrich, Helena Irene"]
[Result "0-1"]
[ECO "B90"]
[WhiteElo "1251"]
[BlackElo "1514"]
[Annotator "NA"]
[PlyCount "89"]
[EventDate "2019.06.07"]
[EventType "swiss"]
[EventRounds "9"]
[EventCountry "GER"]
[SourceTitle "playchess.com"]
[Source "ChessBase"]
[SourceQuality "1"]
[TimeControl "40/4500+30:900+30"]

1. e4 c5 2. Nf3 d6 3. d4 cxd4 4. Nxd4 Nf6 5. Nc3 a6 6. a4 e5 7. Nb3 Be6 8. Bg5 Be7 9. Bd3 O-O 10. O-O h6 11. Bh4 Nc6 12. Nd2 Nxe4 13. Bxe7 Nxc3 14. Bxd8 Nxd1 15. Bc7 Nxb2 16. Bxd6 Rfd8 17. Bc7 Rd7 18. Bb6 Nxd3 19. cxd3 Rxd3 20. Ne4 Rd5 21. Nc3 Rd7 22. Rfe1 f6 23. h3 Nd4 24. Bxd4 Rxd4 25. Ne4 Rc8 26. f3 Rcc4 27. g4 Bd5 28. Nd6 Rxa4 29. Rxa4 Rxa4 30. Kf2 b5 31. Rd1 Rd4 32. Rxd4 exd4 33. Nf5 Bc4 34. Nxd4 a5 35. Ke3 Kf7 36. Kd2 Ke8 37. Nf5 Kf7 38. Kc3 Be6 39. Nd6+ Kg6 40. Nxb5 Kg5 41. Nd4 Bd5 42. Nf5 Bxf3 43. Nxg7 Bg2 44. Ne6+ Kh4 45. Nf4 {[%emt 0:01:31] normal} 0-1

[Event "GER-ch Youth U12w 2019"]
[Site "Willingen"]
[Date "2019.06.13"]
[Round "7.1"]
[White "Zhou, Lepu Coco"]
[Black "Pohle, Saskia"]
[Result "1/2-1/2"]
[ECO "C63"]
[WhiteElo "1724"]
[BlackElo "1819"]
[Annotator "NA"]
[PlyCount "70"]
[EventDate "2019.06.07"]
[EventType "swiss"]
[EventRounds "9"]
[EventCountry "GER"]
[SourceTitle "playchess.com"]
[Source "ChessBase"]
[SourceQuality "1"]
[TimeControl "40/4500+30:900+30"]

1. e4 e5 2. Nf3 Nc6 3. Bb5 f5 4. d3 fxe4 5. dxe4 Nf6 6. O-O Bc5 7. Bxc6 bxc6 8. Nxe5 Qe7 9. Nd3 Nxe4 10. Nxc5 Qxc5 11. Qe2 d5 12. Nc3 Bf5 13. Nxe4 dxe4 14. Be3 Qe7 15. f3 exf3 16. Qxf3 O-O 17. Bf2 Qf6 18. Bc5 Rf7 19. c3 a6 20. Qe3 Qe6 21. Qxe6 Bxe6 22. Rfe1 Re8 23. Re5 Rf5 24. Rae1 Kf7 25. Rxf5+ Bxf5 26. Rxe8 Kxe8 27. Bd4 g6 28. Kf2 Kd7 29. Ke3 Ke6 30. Kf4 h6 31. h4 Bb1 32. a3 Bc2 33. Bg7 h5 34. Be5 Kd7 35. b4 Bf5 {[%emt 0:05:55] normal} 1/2-1/2

[Event "GER-ch Youth U12w 2019"]
[Site "Willingen"]
[Date "2019.06.13"]
[Round "7.2"]
[White "Braeutigam, Katerina"]
[Black "Fischer, Darja"]
[Result "1-0"]
[ECO "B20"]
[WhiteElo "1697"]
[BlackElo "1480"]
[Annotator "NA"]
[PlyCount "66"]
[EventDate "2019.06.07"]
[EventType "swiss"]
[EventRounds "9"]
[EventCountry "GER"]
[SourceTitle "playchess.com"]
[Source "ChessBase"]
[SourceQuality "1"]
[TimeControl "40/4500+30:900+30"]

1. e4 c5 2. Be2 a6 3. f4 Nc6 4. Nf3 d6 5. d3 Nf6 6. O-O e6 7. h3 Be7 8. Be3 O-O 9. Nbd2 b6 10. Qe1 Bb7 11. Kh1 Kh8 12. g4 Rg8 13. Rg1 Nd7 14. g5 g6 15. h4 Re8 16. h5 Kg7 17. Qh4 Nf8 18. Rg2 Qd7 19. Rh2 Bd8 20. Kg2 d5 21. Rah1 Kg8 22. Nf1 a5 23. Ng3 Ra7 24. Rh3 Ba8 25. Nh2 a4 26. Ng4 a3 27. Bc1 axb2 28. Bxb2 d4 29. a3 Rc7 30. Bf3 Ra7 31. Nf6+ Bxf6 32. gxf6 b5 33. Qg5 e5 {[%emt 0:03:39] normal} 1-0

[Event "GER-ch Youth U12w 2019"]
[Site "Willingen"]
[Date "2019.06.13"]
[Round "7.4"]
[White "Voigt, Anastasia"]
[Black "Sereda, Yaroslava"]
[Result "0-1"]
[ECO "B35"]
[WhiteElo "1447"]
[BlackElo "1626"]
[Annotator "NA"]
[PlyCount "99"]
[EventDate "2019.06.07"]
[EventType "swiss"]
[EventRounds "9"]
[EventCountry "GER"]
[SourceTitle "playchess.com"]
[Source "ChessBase"]
[SourceQuality "1"]
[TimeControl "40/4500+30:900+30"]

1. e4 c5 2. Nf3 Nc6 3. d4 cxd4 4. Nxd4 g6 5. Nc3 Bg7 6. Be3 Nf6 7. Bc4 O-O 8. f3 Qb6 9. Bb3 Nxe4 10. Nxe4 Bxd4 11. Bxd4 Nxd4 12. Qd3 d6 13. O-O-O Nxb3+ 14. axb3 Bd7 15. Rhe1 Rfc8 16. Nc3 Be6 17. g3 Qc6 18. Rd2 a6 19. Nd5 Bxd5 20. Qxd5 Qxd5 21. Rxd5 Rc7 22. Rd4 Rac8 23. c3 Kg7 24. Kd2 Rd7 25. h3 Rcd8 26. Kc2 e5 27. Rd5 f6 28. Red1 Kf7 29. Kd3 Ke6 30. Ke3 f5 31. b4 b5 32. g4 h6 33. h4 fxg4 34. fxg4 Rf8 35. R5d2 Rf4 36. Rg1 Rdf7 37. Rg3 d5 38. Rh2 e4 39. Kd4 Kd6 40. h5 g5 41. Re2 Rf3 42. Reg2 Rxg3 43. Rxg3 Rf2 44. Ke3 Rxb2 45. Rg1 Rc2 46. Kd4 Rd2+ 47. Ke3 Rd3+ 48. Ke2 Rxc3 49. Ra1 Rc6 50. Rf1 {[%emt 0:00:00] normal} 0-1

[Event "GER-ch Youth U12w 2019"]
[Site "Willingen"]
[Date "2019.06.13"]
[Round "7.5"]
[White "Adelmeyer, Nelly"]
[Black "Wilmink, Anna"]
[Result "1/2-1/2"]
[ECO "B22"]
[WhiteElo "1420"]
[BlackElo "1466"]
[Annotator "NA"]
[PlyCount "80"]
[EventDate "2019.06.07"]
[EventType "swiss"]
[EventRounds "9"]
[EventCountry "GER"]
[SourceTitle "playchess.com"]
[Source "ChessBase"]
[SourceQuality "1"]
[TimeControl "40/4500+30:900+30"]

1. e4 c5 2. c3 d5 3. exd5 Qxd5 4. Nf3 Nc6 5. Bb5 a6 6. Bxc6+ Qxc6 7. d4 Bg4 8. d5 Qd6 9. O-O Nf6 10. c4 b5 11. b3 g6 12. Nbd2 Bg7 13. Bb2 O-O 14. Re1 Rfe8 15. Qe2 Qd7 16. h3 Bxf3 17. Nxf3 Rad8 18. Ne5 Qb7 19. Nc6 Rd7 20. Rac1 b4 21. Ne5 Rdd8 22. Nc6 Rd7 23. a3 e6 24. Bxf6 Bxf6 25. axb4 cxb4 26. Red1 Bc3 27. Qe3 Qc8 28. Qb6 exd5 29. Rxd5 Re6 30. Rxd7 Qxd7 31. Qd8+ Qxd8 32. Nxd8 Re2 33. Rb1 Bd4 34. Nc6 Bc5 35. Rd1 Rxf2 36. Kh2 Rb2 37. Rd3 Kg7 38. Na5 Kh6 39. Nc6 Kg7 40. Kg3 Kf6 {[%emt 0:02:44] normal} 1/2-1/2

[Event "GER-ch Youth U12w 2019"]
[Site "Willingen"]
[Date "2019.06.13"]
[Round "7.6"]
[White "Hubert, Charlotte"]
[Black "Keymer, Cecilia"]
[Result "0-1"]
[ECO "C47"]
[WhiteElo "1311"]
[BlackElo "1511"]
[Annotator "NA"]
[PlyCount "64"]
[EventDate "2019.06.07"]
[EventType "swiss"]
[EventRounds "9"]
[EventCountry "GER"]
[SourceTitle "playchess.com"]
[Source "ChessBase"]
[SourceQuality "1"]
[TimeControl "40/4500+30:900+30"]

1. e4 e5 2. Nf3 Nc6 3. Nc3 Nf6 4. d4 exd4 5. Nxd4 Bb4 6. Nxc6 bxc6 7. Bd3 d5 8. exd5 cxd5 9. O-O O-O 10. Bg5 c6 11. Na4 Be6 12. b3 Bd6 13. h3 h6 14. Be3 Qc8 15. Qf3 Be5 16. Rac1 d4 17. Bd2 c5 18. c4 Bd7 19. Rfe1 Qc7 20. Nb2 Rfe8 21. Bf1 Bc6 22. Qd1 Bd6 23. Nd3 Ne4 24. Rc2 Nxd2 25. Qxd2 Rab8 26. Rb2 Rxe1 27. Qxe1 Re8 28. Qd2 Bd7 29. Rb1 Re6 30. Re1 Rg6 31. Kh1 Qb7 32. h4 {[%emt 0:01:36] normal} Rg4 {[%emt 0:02:06] normal} 0-1

[Event "GER-ch Youth U12w 2019"]
[Site "Willingen"]
[Date "2019.06.13"]
[Round "7.7"]
[White "Roncea, Andrea-Alexandra"]
[Black "von Beckh, Frieda"]
[Result "1-0"]
[ECO "B31"]
[WhiteElo "1558"]
[BlackElo "1465"]
[Annotator "NA"]
[PlyCount "53"]
[EventDate "2019.06.07"]
[EventType "swiss"]
[EventRounds "9"]
[EventCountry "GER"]
[SourceTitle "playchess.com"]
[Source "ChessBase"]
[SourceQuality "1"]
[TimeControl "40/4500+30:900+30"]

1. e4 c5 2. Nf3 Nc6 3. Bb5 g6 4. O-O Bg7 5. Re1 Nf6 6. e5 Nd5 7. Nc3 Nxc3 8. dxc3 O-O 9. Bg5 Re8 10. Qd2 Qb6 11. Bxc6 dxc6 12. b3 Bf5 13. Nh4 Rad8 14. Qe2 Bd7 15. Qe3 f6 16. Bh6 Bh8 17. e6 Bc8 18. Qg3 g5 19. Nf5 c4 20. Bxg5 fxg5 21. Qxg5+ Kf8 22. Qh6+ Kg8 23. Re4 Bxe6 24. Qxe6+ Kf8 25. Nh6 Kg7 26. Rg4+ Kf8 27. Qf7# {[%emt 0:00:07] normal} 1-0

[Event "GER-ch Youth U12w 2019"]
[Site "Willingen"]
[Date "2019.06.13"]
[Round "7.8"]
[White "Ulrich, Helena Irene"]
[Black "Prinzen, Siri Marleen"]
[Result "1/2-1/2"]
[ECO "B17"]
[WhiteElo "1514"]
[BlackElo "1505"]
[Annotator "NA"]
[PlyCount "49"]
[EventDate "2019.06.07"]
[EventType "swiss"]
[EventRounds "9"]
[EventCountry "GER"]
[SourceTitle "playchess.com"]
[Source "ChessBase"]
[SourceQuality "1"]
[TimeControl "40/4500+30:900+30"]

1. e4 c6 2. d4 d5 3. Nc3 dxe4 4. Nxe4 Nd7 5. Nf3 Ngf6 6. Nxf6+ Nxf6 7. Ne5 Bf5 8. c3 e6 9. g4 Qd5 10. Rg1 Bg6 11. h4 Qe4+ 12. Be2 h6 13. Nxg6 fxg6 14. f3 Qd5 15. Qc2 O-O-O 16. Qxg6 c5 17. Be3 cxd4 18. Bxd4 Bc5 19. O-O-O Bxd4 20. Rxd4 Qe5 21. Qd3 Rxd4 22. cxd4 Qd6 23. Kb1 Kb8 {[%emt 0:01:02] normal} 24. Rc1 Rd8 25. Qc3 {[%emt 0:02:23] normal} 1/2-1/2

[Event "GER-ch Youth U12w 2019"]
[Site "Willingen"]
[Date "2019.06.13"]
[Round "7.9"]
[White "Ding, Tina"]
[Black "Petrosyan, Ani"]
[Result "1-0"]
[ECO "B12"]
[WhiteElo "1180"]
[BlackElo "1378"]
[Annotator "NA"]
[PlyCount "58"]
[EventDate "2019.06.07"]
[EventType "swiss"]
[EventRounds "9"]
[EventCountry "GER"]
[SourceTitle "playchess.com"]
[Source "ChessBase"]
[SourceQuality "1"]
[TimeControl "40/4500+30:900+30"]

1. e4 c6 2. d4 d5 3. e5 c5 4. c3 Nc6 5. Nf3 Bg4 6. h3 Bxf3 7. gxf3 cxd4 8. cxd4 e6 9. Be3 Bb4+ 10. Nc3 Nge7 11. Bd3 O-O 12. Rg1 Ng6 13. a3 Ba5 14. b4 Bb6 15. Ne2 Rc8 16. Rc1 Qd7 17. Qd2 Nce7 18. Rxc8 Rxc8 19. Nf4 Qc7 20. Ke2 Kh8 21. Nh5 Qc3 22. Bh6 gxh6 23. Qxh6 Qb2+ 24. Kd1 Qa1+ 25. Kd2 Qb2+ 26. Kd1 Qb3+ 27. Ke2 Rg8 28. Rg4 Qb2+ {[%emt 0:01:45] normal} 29. Ke1 {[%emt 0:01:27] normal} Bxd4 {[%emt 0:02:47] normal} 1-0

[Event "GER-ch Youth U12w 2019"]
[Site "Willingen"]
[Date "2019.06.14"]
[Round "8.1"]
[White "Keymer, Cecilia"]
[Black "Zhou, Lepu Coco"]
[Result "0-1"]
[ECO "A49"]
[WhiteElo "1511"]
[BlackElo "1724"]
[Annotator "NA"]
[PlyCount "102"]
[EventDate "2019.06.07"]
[EventType "swiss"]
[EventRounds "9"]
[EventCountry "GER"]
[SourceTitle "playchess.com"]
[Source "ChessBase"]
[SourceQuality "1"]
[TimeControl "40/4500+30:900+30"]

1. d4 Nf6 2. Nf3 g6 3. g3 Bg7 4. Bg2 O-O 5. b3 d6 6. Bb2 Nbd7 7. O-O c5 8. c4 cxd4 9. Nxd4 Rb8 10. Nc3 a6 11. e3 Qc7 12. Qe2 Nc5 13. h3 Bd7 14. Rac1 e5 15. Nc2 Bc6 16. Nb4 Bxg2 17. Kxg2 Nce4 18. Ncd5 Qd7 19. Nxf6+ Nxf6 20. Rfd1 a5 21. Nd5 Nxd5 22. Rxd5 Qc6 23. Kh2 Rfd8 24. Rcd1 a4 25. c5 axb3 26. axb3 f6 27. cxd6 Rd7 28. Qc4 Qxc4 29. bxc4 b6 30. Kg2 Bf8 31. Ba3 Rc8 32. c5 bxc5 33. Bxc5 Kf7 34. Kf3 Ke6 35. g4 Rcd8 36. Bb6 Ra8 37. Bc7 Ra4 38. Kg3 Ra3 39. Kg2 Ra6 40. Kf3 Bxd6 41. Bxd6 Raxd6 42. Rxd6+ Rxd6 43. Rxd6+ Kxd6 44. Ke4 Ke6 45. f4 f5+ 46. gxf5+ gxf5+ 47. Kf3 e4+ 48. Kg3 Kd5 49. Kh4 Kc4 50. Kg5 Kd3 51. Kxf5 Kxe3 {[%emt 0:00:00] normal} 0-1

[Event "GER-ch Youth U12w 2019"]
[Site "Willingen"]
[Date "2019.06.14"]
[Round "8.2"]
[White "Braeutigam, Katerina"]
[Black "Roncea, Andrea-Alexandra"]
[Result "0-1"]
[ECO "C88"]
[WhiteElo "1697"]
[BlackElo "1558"]
[Annotator "NA"]
[PlyCount "154"]
[EventDate "2019.06.07"]
[EventType "swiss"]
[EventRounds "9"]
[EventCountry "GER"]
[SourceTitle "playchess.com"]
[Source "ChessBase"]
[SourceQuality "1"]
[TimeControl "40/4500+30:900+30"]

1. e4 e5 2. Nf3 Nc6 3. Bb5 a6 4. Ba4 b5 5. Bb3 Bb7 6. O-O Be7 7. Re1 Nf6 8. c3 O-O 9. d4 d6 10. Nbd2 h6 11. Nf1 Re8 12. Ng3 Bf8 13. Bd2 Na5 14. Bc2 Nc4 15. b3 Nb6 16. Rc1 c5 17. h3 a5 18. Bd3 b4 19. Bb5 Nbd7 20. dxe5 dxe5 21. Qe2 Qb6 22. Red1 Ba6 23. Bd3 Bxd3 24. Qxd3 a4 25. cxb4 cxb4 26. Rc4 axb3 27. axb3 Ra3 28. Rdc1 Nc5 29. Qc2 Nxb3 30. Be3 Qb5 31. Rb1 Na5 32. Rc7 b3 33. Qd1 Nc4 34. Bc1 b2 35. Bxb2 Nxb2 36. Qc1 Rb3 37. Nd2 Rb4 38. Rc2 Nd3 39. Qf1 Rxb1 40. Nxb1 Rb8 41. Nc3 Qa6 42. Qd1 Nf4 43. Rd2 Qc4 44. Rc2 Qd3 45. Qxd3 Nxd3 46. Rd2 Nf4 47. Kh2 Rb3 48. Nd1 Rd3 49. Rxd3 Nxd3 50. Kg1 Bc5 51. Kf1 Bd4 52. Ke2 Nb2 53. Ne3 Bxe3 54. Kxe3 Nc4+ 55. Ke2 Nd6 56. Ke3 Kf8 57. Kd3 Ke7 58. Ke3 Kd7 59. Kd3 Kc6 60. Ke3 Kc5 61. Kd3 g6 62. Ke3 Kc4 63. f3 Kc3 64. Ne2+ Kc2 65. Ng3 Nc4+ 66. Ke2 Kc3 67. Kf2 Kd3 68. Ke1 Nh5 69. Nh1 Nf4 70. Kf2 Ne3 71. Ng3 Nfxg2 72. Ne2 Nd1+ 73. Kf1 Nf4 74. Ng1 Ke3 75. h4 Nf2 76. Ke1 Ng2+ 77. Kf1 Nxh4 {[%emt 0:00:14] normal} 0-1